PA
ROCKY MOUNTAIN VIBES @ CALDWELL CHIEFS
06/30/2042
 
TOP OF THE 1ST
Rocky Mountain Vibes batting - Pitching for Caldwell Chiefs : RHP Martín Galindo
Pitching: RHP Martín Galindo
Batting: RHB Mark Fontenot 0-0: Called Strike
0-1: Swinging Strike
0-2: Ball
1-2: Foul Ball, location: 2F
1-2: Ball
2-2: Fly out, F8 (Flyball, 8LD, EV 91.2 MPH)
Batting: LHB Alexandre Prost 0-0: Ball
1-0: Foul Ball, location: 2F
1-1: Ground out 6-3 (Groundball, 6M, EV 101.2 MPH)
Batting: RHB Magnus Fjord 0-0: Ball
1-0: Ball
2-0: SINGLE (Groundball, 56D, EV 106.2 MPH)
Batting: RHB Benoît Baudry 0-0: Ball
1-0: Ball
2-0: Swinging Strike
2-1: Ball
3-1: Base on Balls
Magnus Fjord to second
Batting: RHB David Mooney 0-0: Called Strike
0-1: Ball
1-1: Foul Ball, location: 2F
1-2: Strikes out looking
Top of the 1st over - 0 runs, 1 hit, 0 errors, 2 left on base; Rocky Mountain 0 - Caldwell 0
BOTTOM OF THE 1ST
Caldwell Chiefs batting - Pitching for Rocky Mountain Vibes : LHP Pepe Franco
Pitching: LHP Pepe Franco
Batting: RHB Luis Miguel Monteblanco 0-0: Called Strike
0-1: Ball
1-1: Fly out, F7 (Flyball, 78D, EV 98.8 MPH)
Batting: LHB Jorge Napolez 0-0: Ball
1-0: Swinging Strike
1-1: Called Strike
1-2: Ball
2-2: Strikes out swinging
Batting: RHB Dan Babauta 0-0: Foul Ball, location: 2F
0-1: Ball
1-1: Ball
2-1: Ball
3-1: Foul Ball, location: 2F
3-2: Foul Ball, location: 2F
3-2: Foul Ball, location: 2F
3-2: Foul Ball, location: 2F
3-2: Base on Balls
Batting: RHB Kuan Pi 0-0: Ball
1-0: Called Strike
1-1: SINGLE (Groundball, 6D, EV 106.2 MPH)
Dan Babauta to second
Batting: RHB Kane Felton 0-0: Ball
1-0: Called Strike
1-1: Ball
2-1: Called Strike
2-2: Fly out, F7 (Flyball, 7LDF, EV 101.9 MPH)
Bottom of the 1st over - 0 runs, 1 hit, 0 errors, 2 left on base; Rocky Mountain 0 - Caldwell 0
TOP OF THE 2ND
Rocky Mountain Vibes batting - Pitching for Caldwell Chiefs : RHP Martín Galindo
Batting: RHB Kenny Wright 0-0: Ground out 2-3 (Groundball, 2L, EV 75.0 MPH)
Batting: RHB Robert Green 0-0: Called Strike
0-1: Ground out 2-3 (Groundball, 2R, EV 70.6 MPH)
Batting: RHB Juan Rea 0-0: Ball
1-0: Called Strike
1-1: Ball
2-1: Fly out, F3 (Popup, 3SF, EV 76.9 MPH)
Top of the 2nd over - 0 runs, 0 hits, 0 errors, 0 left on base; Rocky Mountain 0 - Caldwell 0
BOTTOM OF THE 2ND
Caldwell Chiefs batting - Pitching for Rocky Mountain Vibes : LHP Pepe Franco
Batting: LHB Bob Holmes 0-0: Foul Ball, location: 2F
0-1: Swinging Strike
0-2: Ball
1-2: Foul Ball, location: 2F
1-2: Foul Ball, location: 2F
1-2: Foul Ball, location: 2F
1-2: Strikes out swinging
Batting: SHB Da-xia Hui 0-0: Called Strike
0-1: Ball
1-1: Swinging Strike
1-2: Strikes out swinging
Batting: LHB Dan Webb 0-0: Called Strike
0-1: Called Strike
0-2: Strikes out swinging
Bottom of the 2nd over - 0 runs, 0 hits, 0 errors, 0 left on base; Rocky Mountain 0 - Caldwell 0
TOP OF THE 3RD
Rocky Mountain Vibes batting - Pitching for Caldwell Chiefs : RHP Martín Galindo
Batting: RHB Jud Fisher 0-0: DOUBLE (Groundball, 3L, EV 105.6 MPH)
Batting: RHB Mark Fontenot 0-0: Called Strike
0-1: Called Strike
0-2: Ball
1-2: Strikes out swinging
Batting: LHB Alexandre Prost 0-0: Called Strike
0-1: Foul Ball, location: 2F
0-2: Foul Ball, location: 2F
0-2: Strikes out swinging
Batting: RHB Magnus Fjord 0-0: Called Strike
0-1: Swinging Strike
0-2: Ball
1-2: Ball
2-2: Foul Ball, location: 2F
2-2: Ground out 4-3 (Groundball, 4, EV 83.1 MPH)
Top of the 3rd over - 0 runs, 1 hit, 0 errors, 1 left on base; Rocky Mountain 0 - Caldwell 0
BOTTOM OF THE 3RD
Caldwell Chiefs batting - Pitching for Rocky Mountain Vibes : LHP Pepe Franco
Batting: LHB Li-ping Lian 0-0: Bunted foul
0-1: Foul Ball, location: 2F
0-2: Ball
1-2: Strikes out looking
Batting: RHB Luis Miguel Monteblanco 0-0: Foul Ball, location: 2F
0-1: Swinging Strike
0-2: Ground out U3 (Groundball, 34S, EV 70.0 MPH)
Batting: LHB Jorge Napolez 0-0: Fly out, F7 (Flyball, 7D, EV 108.1 MPH)
Bottom of the 3rd over - 0 runs, 0 hits, 0 errors, 0 left on base; Rocky Mountain 0 - Caldwell 0
TOP OF THE 4TH
Rocky Mountain Vibes batting - Pitching for Caldwell Chiefs : RHP Martín Galindo
Batting: RHB Benoît Baudry 0-0: Called Strike
0-1: Ball
1-1: Called Strike
1-2: Strikes out looking
Batting: RHB David Mooney 0-0: Called Strike
0-1: Ball
1-1: Foul Ball, location: 2F
1-2: Ground out 6-3 (Groundball, 6, EV 88.1 MPH)
Batting: RHB Kenny Wright 0-0: Ball
1-0: Called Strike
1-1: SINGLE (Line Drive, 8RS, EV 92.5 MPH)
Batting: RHB Robert Green 0-0: Ball
1-0: Ball
2-0: Called Strike
2-1: Swinging Strike
2-2: Strikes out swinging
Top of the 4th over - 0 runs, 1 hit, 0 errors, 1 left on base; Rocky Mountain 0 - Caldwell 0
BOTTOM OF THE 4TH
Caldwell Chiefs batting - Pitching for Rocky Mountain Vibes : LHP Pepe Franco
Batting: RHB Dan Babauta 0-0: Ball
1-0: Called Strike
1-1: Foul Ball, location: 2F
1-2: Strikes out swinging
Batting: RHB Kuan Pi 0-0: Called Strike
0-1: Ball
1-1: Ball
2-1: Called Strike
2-2: SOLO HOME RUN (Flyball, 8LXD, EV 102.5 MPH), Distance : 438 ft
Batting: RHB Kane Felton 0-0: Ball
1-0: Fly out, F8 (Line Drive, 8LD, EV 95.6 MPH)
Batting: LHB Bob Holmes 0-0: Foul Ball, location: 2F
0-1: Ball
1-1: Swinging Strike
1-2: Ball
2-2: Strikes out looking
Bottom of the 4th over - 1 run, 1 hit, 0 errors, 0 left on base; Rocky Mountain 0 - Caldwell 1
TOP OF THE 5TH
Rocky Mountain Vibes batting - Pitching for Caldwell Chiefs : RHP Martín Galindo
Batting: RHB Juan Rea 0-0: Foul Ball, location: 2F
0-1: DOUBLE (Flyball, 8RD, EV 105.0 MPH)
Batting: RHB Jud Fisher 0-0: Fly out, F9 (Flyball, 9S, EV 93.1 MPH)
Batting: RHB Mark Fontenot 0-0: Swinging Strike
0-1: Ball
1-1: Called Strike
1-2: Strikes out looking
Batting: LHB Alexandre Prost 0-0: Called Strike
0-1: Swinging Strike
Passed Ball!
Juan Rea to third
0-2: Foul Ball, location: 2F
0-2: Ball
1-2: Ball
2-2: Ground out 5-3 (Groundball, 56S, EV 90.0 MPH)
Top of the 5th over - 0 runs, 1 hit, 0 errors, 1 left on base; Rocky Mountain 0 - Caldwell 1
BOTTOM OF THE 5TH
Caldwell Chiefs batting - Pitching for Rocky Mountain Vibes : LHP Pepe Franco
Batting: SHB Da-xia Hui 0-0: Called Strike
0-1: Ball
1-1: Ground out 4-3 (Groundball, 4S, EV 92.5 MPH)
Batting: LHB Dan Webb 0-0: Ball
1-0: Called Strike
1-1: Ball
2-1: Ball
3-1: Foul Ball, location: 2F
3-2: Base on Balls
Batting: LHB Li-ping Lian 0-0: Foul Ball, location: 2F
0-1: Swinging Strike
0-2: Foul Ball, location: 2F
0-2: Ball
1-2: Ball
2-2: Strikes out swinging
Batting: RHB Luis Miguel Monteblanco 0-0: Foul Ball, location: 2F
0-1: Ball
1-1: Foul Ball, location: 2F
1-2: Strikes out swinging
Bottom of the 5th over - 0 runs, 0 hits, 0 errors, 1 left on base; Rocky Mountain 0 - Caldwell 1
TOP OF THE 6TH
Rocky Mountain Vibes batting - Pitching for Caldwell Chiefs : RHP Martín Galindo
Batting: RHB Magnus Fjord 0-0: Ball
1-0: Ball
2-0: Ground out 6-3 (Groundball, 6, EV 85.0 MPH)
Batting: RHB Benoît Baudry 0-0: Ball
1-0: Ball
2-0: Fly out, F9 (Flyball, 9S, EV 90.0 MPH)
Batting: RHB David Mooney 0-0: SINGLE (Line Drive, 56D, EV 105.0 MPH)
Batting: RHB Kenny Wright 0-0: Called Strike
0-1: Ball
Wild Pitch!
David Mooney to second
1-1: SINGLE (Line Drive, 78M, EV 95.6 MPH)
David Mooney to third
Runner from 3rd tries for Home, SAFE, no throw by CF
Batting: RHB Robert Green 0-0: Swinging Strike
0-1: Ball
1-1: Fly out, F7 (Flyball, 7LS, EV 88.1 MPH)
Top of the 6th over - 1 run, 2 hits, 0 errors, 1 left on base; Rocky Mountain 1 - Caldwell 1
BOTTOM OF THE 6TH
Caldwell Chiefs batting - Pitching for Rocky Mountain Vibes : LHP Pepe Franco
Batting: LHB Jorge Napolez 0-0: Called Strike
0-1: Foul Ball, location: 2F
0-2: Strikes out looking
Batting: RHB Dan Babauta 0-0: Called Strike
0-1: Ball
1-1: Called Strike
1-2: Foul Ball, location: 2F
1-2: Foul Ball, location: 2F
1-2: Strikes out swinging
Batting: RHB Kuan Pi 0-0: Ball
1-0: Called Strike
1-1: Foul Ball, location: 2F
1-2: Ball
2-2: Ball
3-2: Foul Ball, location: 2F
3-2: DOUBLE (Flyball, 78D, EV 107.5 MPH)
Pitching: RHP Erwin Shelley
Batting: RHB Kane Felton 0-0: Ball
1-0: Called Strike
1-1: Called Strike
1-2: Ball
2-2: SINGLE (Line Drive, 4M, EV 106.9 MPH)
Kuan Pi to third
Runner from 3rd tries for Home, SAFE, throw by CF to home
Kane Felton to second
Batting: LHB Bob Holmes 0-0: Called Strike
0-1: Ball
1-1: Ground out 4-3 (Groundball, 4, EV 85.6 MPH)
Bottom of the 6th over - 1 run, 2 hits, 0 errors, 1 left on base; Rocky Mountain 1 - Caldwell 2
TOP OF THE 7TH
Rocky Mountain Vibes batting - Pitching for Caldwell Chiefs : RHP Martín Galindo
Batting: RHB Juan Rea 0-0: Ball
1-0: Called Strike
1-1: Ball
2-1: Fly out, F9 (Flyball, 9, EV 88.8 MPH)
Batting: RHB Jud Fisher 0-0: Ball
1-0: Called Strike
1-1: Called Strike
1-2: Ball
2-2: Foul Ball, location: 2F
2-2: Ground out 4-3 (Groundball, 4M, EV 82.5 MPH)
Batting: RHB Mark Fontenot 0-0: Swinging Strike
0-1: Foul Ball, location: 2F
0-2: Strikes out swinging
Top of the 7th over - 0 runs, 0 hits, 0 errors, 0 left on base; Rocky Mountain 1 - Caldwell 2
BOTTOM OF THE 7TH
Caldwell Chiefs batting - Pitching for Rocky Mountain Vibes : RHP Erwin Shelley
Batting: SHB Da-xia Hui 0-0: Ball
1-0: Foul Ball, location: 2F
1-1: Ball
2-1: Ball
3-1: Swinging Strike
3-2: Strikes out swinging
Batting: LHB Dan Webb 0-0: Ball
1-0: Foul Ball, location: 2F
1-1: Swinging Strike
1-2: Ball
2-2: Strikes out swinging
Batting: LHB Li-ping Lian 0-0: Foul Ball, location: 2F
0-1: Ball
1-1: SINGLE (Groundball, 34D, EV 104.4 MPH)
Batting: RHB Luis Miguel Monteblanco 0-0: Ball
1-0: Ball
2-0: Called Strike
2-1: Ball
3-1: Foul Ball, location: 2F
3-2: Foul Ball, location: 2F
3-2: Base on Balls
Li-ping Lian to second
Batting: LHB Jorge Napolez 0-0: Foul Ball, location: 2F
0-1: Ball
1-1: Called Strike
1-2: Strikes out swinging
Bottom of the 7th over - 0 runs, 1 hit, 0 errors, 2 left on base; Rocky Mountain 1 - Caldwell 2
TOP OF THE 8TH
Rocky Mountain Vibes batting - Pitching for Caldwell Chiefs : RHP Martín Galindo
Pitching: LHP Dong-choon Yi
Batting: LHB Alexandre Prost 0-0: Ball
1-0: Foul Ball, location: 2F
1-1: Ball
2-1: Ball
3-1: Hit by Pitch
Batting: RHB Magnus Fjord 0-0: Ball
1-0: Called Strike
1-1: Swinging Strike
1-2: Ball
2-2: Foul Ball, location: 2F
2-2: Strikes out swinging
Batting: RHB Benoît Baudry 0-0: Called Strike
0-1: Fly out, F4 (Popup, 4MD, EV 68.8 MPH)
Batting: RHB David Mooney 0-0: Ball
1-0: Ball
2-0: Called Strike
2-1: Ball
3-1: Swinging Strike
3-2: Strikes out swinging
Top of the 8th over - 0 runs, 0 hits, 0 errors, 1 left on base; Rocky Mountain 1 - Caldwell 2
BOTTOM OF THE 8TH
Caldwell Chiefs batting - Pitching for Rocky Mountain Vibes : RHP Erwin Shelley
Batting: RHB Dan Babauta 0-0: Ball
1-0: Ball
2-0: Foul Ball, location: 2F
2-1: Foul Ball, location: 2F
2-2: Strikes out swinging
Batting: RHB Kuan Pi 0-0: Ball
1-0: Foul Ball, location: 2F
1-1: Fly out, F7 (Flyball, 7D, EV 86.9 MPH)
Batting: RHB Kane Felton 0-0: Ball
1-0: Fly out, F7 (Line Drive, 7, EV 94.4 MPH)
Bottom of the 8th over - 0 runs, 0 hits, 0 errors, 0 left on base; Rocky Mountain 1 - Caldwell 2
TOP OF THE 9TH
Rocky Mountain Vibes batting - Pitching for Caldwell Chiefs : LHP Dong-choon Yi
Pitching: RHP Víctor Moreno
Now at 2B: Cristo López
Batting: RHB Kenny Wright 0-0: DOUBLE (Line Drive, 5D, EV 97.5 MPH)
Pinch Hitting: LHB Bilal Hussain 0-0: Ball
1-0: Fly out, F9 (Flyball, 9LS, EV 83.1 MPH)
Pinch Hitting: RHB Ramón Semprún 0-0: Foul Ball, location: 2F
0-1: Called Strike
0-2: Ball
1-2: Ground out 6-3 (Groundball, 6, EV 78.8 MPH)
Kenny Wright to third
Pinch Hitting: RHB Doug Dendy 0-0: Ground out 5-3 (Groundball, 56S, EV 85.0 MPH)
Top of the 9th over - 0 runs, 1 hit, 0 errors, 1 left on base; Rocky Mountain 1 - Caldwell 2
Friday, March 26th, 2021 - OOTP Baseball 20.8 Build 74